[Event "*** Titled Tuesday Blitz"]
[Site "Chess.com"]
[Date "2020.12.01"]
[Round "5"]
[White "Durarbayli"]
[Black "gilbert_gm"]
[Result "1-0"]
[WhiteElo "2755"]
[BlackElo "2557"]
[TimeControl "180+1"]
[EndTime "10:55:36 PST"]
[Termination "Durarbayli won on time"]

1. e4 e5 2. Nc3 g6 3. Bc4 Bg7 4. d3 Ne7 5. h4 h6 6. Nge2 c6 7.
h5 g5 8. d4 exd4 9. Nxd4 d5 10.
exd5 cxd5 11. Bb3 Nbc6 12. Be3 O-O 13. Qd2 Nxd4 14. Bxd4 Bxd4 15. Qxd4 Nc6 16. Qxd5 Re8+ 17. Kf1 Be6 18. Qxd8 Raxd8 19. Rd1 Nd4 20. Bxe6 Nxe6 21.
g3 Nd4 22. Rd2 Nf3 23. Rxd8 Rxd8 24. Kg2 g4 25. Rd1 Re8 26. Kf1 f5 27. Nd5 Kf7 28. Ne3 Ke6 29. c3 Rc8 30. Ke2 Ne5 31. Rd4 Rf8 32. Rb4 b6 33. Ra4 Rf7 34. Rf4 Nd7 35. Rd4 Ne5 36. Ng2 Nf3 37. Nf4+ Ke7 38. Rd5 Kf6 39.
Ng6 Rc7 40. Rd6+ Kf7 41. Ke3 Rc4 42. Rd7+ Kf6 43. Rxa7 Rc6 44. Nf4 Rc5 45. Kd3 Re5 46. Rb7 Re1 47. Kc2 Rf1 48. Rxb6+ Kg7 49. Rg6+ Kh7 50.
Nd3 1-0

[Event "*** Titled Tuesday Blitz"]
[Site "Chess.com"]
[Date "2020.12.01"]
[Round "5"]
[White "Nils_03"]
[Black "skoularikii"]
[Result "0-1"]
[WhiteElo "2260"]
[BlackElo "2448"]
[TimeControl "180+1"]
[EndTime "10:55:36 PST"]
[Termination "skoularikii won on time"]

1. d4 d5 2. c4 c6 3. cxd5 cxd5 4. Bg5 Nc6 5. Nc3 Nf6 6. Bxf6 gxf6 7. Nf3 e6 8. e3 a6 9. Bd3 h5 10. a3 h4 11. h3 f5 12. Ne2 Bd6 13. Rc1 Rg8 14. O-O Qf6 15. Kh1 Qh6 16. Qd2 Bd7 17. b4 Ke7 18. Nf4 Rg7 19. Rg1 Rag8 20. b5 axb5 21. Bxb5 f6 22. a4 Rg4 23. hxg4 fxg4 24. Nh2 g3 25.
Nf1 h3 26. Nxg3 e5 27. Nfh5 hxg2+ 28. Kxg2 Qxh5 29. Rh1 Qg4 30. Be2 Qg5 31. Rh5 Qg6 32. Rch1 e4 33. Kf1 Bxg3 34. Rg1 Bg4 35. Rxg3 Qxh5 36.
Bxg4 Rxg4 37. Rxg4 Qxg4 38. a5 Qh3+ 39. Ke1 Qh1+ 40.
Ke2 Qg2 41. Ke1 Qh1+ 42. Ke2 Qf3+ 43. Ke1 f5 44. Qb2 Ke6 45. Qxb7 Nxd4 46. exd4 Qc3+ 47. Kf1 Qxa5 48. Qc6+ Ke7 0-1

[Event "*** Titled Tuesday Blitz"]
[Site "Chess.com"]
[Date "2020.12.01"]
[Round "5"]
[White "vanea_03"]
[Black "Euwe1234"]
[Result "1-0"]
[WhiteElo "2731"]
[BlackElo "2551"]
[TimeControl "180+1"]
[EndTime "10:55:37 PST"]
[Termination "vanea_03 won on time"]

1. d4 d5 2. c4 c6 3. cxd5 cxd5 4. Bf4 Nc6 5. e3 Nf6 6. Bb5 Bg4 7. Bxc6+ bxc6 8. Qc2 Rc8 9. h3 Bh5 10. Nc3 e6 11. Nf3 Be7 12. Ne5 Nd7 13. Nxd7 Qxd7 14. Na4 Bb4+ 15. Kf1 Bg6 16. Qc1 c5 17. Nxc5 Bxc5 18. dxc5 Qb5+ 19. Kg1 Rxc5 20. Qd2 Rc2 21. Qd4 O-O 22. b3 Qe2 23. Bg3 Rxa2 24. Rxa2 Qxa2 25. Kh2 Qxb3 26. Qxa7 h6 27. Rc1 Qb2 28. Rc7 h5 29. Qc5 Qf6 30. h4 Bf5 31. Rc8 Rxc8 32. Qxc8+ Kh7 33.
Qc7 Qg6 34. Qe5 f6 35. Qd6 Qf7 36. Qc7 Qe8 37. f3 Qa4 38. Qd6 Qb3 39. Bf4 e5 40.
Bg3 Qd3 41. Bf2 e4 42. Qf4 exf3 43. gxf3 Bg6 44. Qd4 Qf1 45. Kg3 Bf5 46. Qxd5 Qh3+ 47. Kf4 Kg6 48. Bg3 Bb1 49. e4 Qh1 50. Qd2 Qf1 51.
Bf2 Qb5 52. Ke3 1-0

[Event "*** Titled Tuesday Blitz"]
[Site "Chess.com"]
[Date "2020.12.01"]
[Round "5"]
[White "Brave_spirit12"]
[Black "GregShahade"]
[Result "0-1"]
[WhiteElo "2489"]
[BlackElo "2705"]
[TimeControl "180+1"]
[EndTime "10:55:37 PST"]
[Termination "GregShahade won on time"]

1. e4 e5 2. Nf3 Nc6 3. Bc4 Nf6 4.
O-O Nxe4 5. d4 exd4 6. Re1 d5 7.
Bb5 Bc5 8. Nxd4 O-O 9. Bxc6 bxc6 10. Be3 Bxd4 11. Bxd4 c5 12. Be3 Qd6 13. Nd2 Nxd2 14. Qxd2 d4 15. Bf4 Qb6 16. c3 Be6 17. Rad1 Rfd8 18.
Be5 Bxa2 19. b4 Bb3 20. Rb1 Bd5 21. bxc5 Qg6 22. Bg3 dxc3 23. Qxc3 c6 24. Rb7 a5 25.
Rbe7 h6 26. h4 a4 27. Ra1 Bb3 28. Bd6 Re8 29. Rb7 Bd5 30. Bg3 Qe4 31. f3 Qe3+ 32. Qxe3 Rxe3 33. Kf2 Rc3 34. Rb8+ Rxb8 35. Bxb8 a3 36. Ke2 a2 37. Kd2 Rb3 38. Be5 Rb5 39.
Bd4 Rb4 40. Kc3 Rc4+ 41. Kd3 Rb4 42. Kc3 Rb1 43. Kc2 Rb8 44. Kc3 Re8 45. Kd2 h5 46. Bc3 Kh7 47. Bd4 Rb8 48. Bc3 Rb5 49. Bd4 Rb4 50.
Kc3 Rc4+ 51. Kd3 Ra4 52. Kc3 Ra3+ 53. Kd2 Ra8 54. Bc3 Kg6 55. Ke3 Kf5 56. Bd4 Re8+ 57.
Kd2 Ra8 58. Bxg7 Rg8 59. g4+ Kf4 0-1

[Event "*** Titled Tuesday Blitz"]
[Site "Chess.com"]
[Date "2020.12.01"]
[Round "5"]
[White "temus_galaktionov"]
[Black "vanyakuba"]
[Result "1-0"]
[WhiteElo "2704"]
[BlackElo "2478"]
[TimeControl "180+1"]
[EndTime "10:55:37 PST"]
[Termination "temus_galaktionov won on time"]

1. d4 d5 2. Nf3 c5 3. c4 e6 4.
cxd5 exd5 5. Nc3 Nc6 6. Bg5 Be7 7. Bxe7 Ngxe7 8. dxc5 Qa5 9. e3 Qxc5 10. Rc1 O-O 11. Be2 Rd8 12. O-O Be6 13. Nb5 Qb6 14. Qd2 Nf5 15. Bd3 a6 16. Bxf5 Bxf5 17. Nbd4 Be4 18. Rfd1 Rac8 19. h3 h6 20. a3 Na5 21.
Rxc8 Rxc8 22. Rc1 Nc4 23. Qe2 Rd8 24. b3 Nxa3 25. Nd2 Bg6 26. Rc3 Nb5 27. Nxb5 axb5 28. Nf3 b4 29. Rc1 Be4 30. Nd4 Ra8 31. f3 Bg6 32.
Qd2 Qa5 33. Kh2 h5 34. h4 Qd8 35. Kg3 Qd6+ 36. Kf2 Qd8 37. g3 Qa5 38. Ne2 d4 39.
Qxd4 Rd8 40. Qb2 Bd3 41. Nd4 Ba6 42. Ra1 Qb6 43. Rc1 Re8 44. Qc2 Qf6 45. Qd2 g6 46.
Qxb4 Qe5 47. Qd2 b6 48. b4 Bb7 49. Ra1 Bc8 50. Ra8 Kg7 51. Nb5 1-0

[Event "*** Titled Tuesday Blitz"]
[Site "Chess.com"]
[Date "2020.12.01"]
[Round "5"]
[White "fyall777"]
[Black "Slovak_fighter2000"]
[Result "0-1"]
[WhiteElo "2286"]
[BlackElo "2542"]
[TimeControl "180+1"]
[EndTime "10:55:37 PST"]
[Termination "Slovak_fighter2000 won on time"]

1. d4 Nf6 2. Bg5 e6 3. e4 h6 4.
Bxf6 Qxf6 5. Nc3 d6 6. Qd2 c6 7. O-O-O e5 8. d5 Qg5 9. h4 Qxd2+ 10. Rxd2 Be7 11. g3 Nd7 12. Bh3 Nb6 13. Bxc8 Rxc8 14. Nge2 O-O 15. g4 g6 16. dxc6 bxc6 17. b3 Rfd8 18. a4 a5 19. Kb1 d5 20. exd5 cxd5 21. Nb5 d4 22. Ng3 Bb4 23. Rdd1 Nd5 24. Ne4 Kg7 25. Rhg1 Rc6 26. h5 Rdc8 27. Na7 Rxc2 28.
Nxc8 Rxc8 29. hxg6 fxg6 30. Rc1 Nc3+ 31. Nxc3 Bxc3 32.
Rge1 Kf6 33. Re4 Rb8 34. Kc2 Rc8 35. Kd3 h5 36. gxh5 gxh5 37. f4 exf4 38. Rxf4+ Kg5 39. Rf7 Kg6 40. Rf3 Rc5 41. Rg1+ Rg5 42. Rxg5+ Kxg5 43. Ke4 h4 44. Rf8 Kg4 45. Rg8+ Kh3 46. Kf3 d3 47. Rg1 Kh2 48. Rg2+ Kh3 49. Rg1 Kh2 50.
Rg2+ Kh1 51. Rg4 h3 52. Rg6 d2 53. Rd6 Kg1 54. Rg6+ Kf1 0-1

[Event "*** Titled Tuesday Blitz"]
[Site "Chess.com"]
[Date "2020.12.01"]
[Round "5"]
[White "Nemsko"]
[Black "Orest_Vovk"]
[Result "0-1"]
[WhiteElo "2380"]
[BlackElo "2554"]
[TimeControl "180+1"]
[EndTime "10:55:37 PST"]
[Termination "Orest_Vovk won by resignation"]

1. e4 Nc6 2. d4 e5 3. d5 Nce7 4. Nf3 Ng6 5. Nc3 Bc5 6. Bd3 Nf6 7. Qe2 Ng4 8. Rf1 a6 9. h3 Nf6 10. Be3 Qe7 11. O-O-O O-O 12. g4 d6 13. Rg1 Bd7 14. Rg3 b5 15. Rdg1 b4 16. Nd1 Nf4 17.
Qf1 Bb5 18. Bxc5 dxc5 19. Nd2 Ne8 20. Nc4 Nd6 21. Nde3 g6 22. Rh1 Qh4 23. Ng2 Qg5 24. Kb1 Nxg2 25. Rxg2 Bxc4 26. Bxc4 Nxe4 27. f3 Nd2+ 28.
Rxd2 Qxd2 29. h4 h6 30. Bxa6 Rxa6 31. Qxa6 Qxd5 32. Qe2 Rd8 33. b3 Kg7 34. h5 g5 35.
Re1 Kf6 36. Kc1 Qd4 37. Kb1 Rd6 38. Qe4 Qxe4 39. Rxe4 Rd4 40. Re3 c4 41. Kc1 c3 42.
a3 c5 43. a4 Ke6 44. Rd3 Rxd3 45.
cxd3 Kd5 46. Kc2 Kd4 47. a5 Kd5 48. Kd1 Kc6 49. Ke2 Kb5 50. Kd1 Kxa5 51. Kc2 Kb5 52. Kb1 Kc6 53. Kc1 Kd5 54. Kd1 Kd4 55. Ke2 f6 56.
Kd1 Kxd3 0-1

[Event "*** Titled Tuesday Blitz"]
[Site "Chess.com"]
[Date "2020.12.01"]
[Round "5"]
[White "HackingKid98"]
[Black "gochatoria98"]
[Result "1-0"]
[WhiteElo "2342"]
[BlackElo "2079"]
[TimeControl "180+1"]
[EndTime "10:55:37 PST"]
[Termination "HackingKid98 won on time"]

1. d4 d5 2. c4 e5 3. dxe5 d4 4. Nf3 Nc6 5. a3 Nge7 6. e3 Nf5 7. exd4 Nfxd4 8. Nxd4 Qxd4 9. Nc3 Bc5 10. Qxd4 Bxd4 11. Nb5 Bxe5 12. f4 a6 13. fxe5 axb5 14. cxb5 Nd4 15.
Bd3 O-O 16. Be3 Nf5 17. Bxf5 Bxf5 18. O-O-O Rfe8 19. Bf4 Be6 20. Rd3 Ra5 21. Rc3 Rc8 22. b6 cxb6 23. Rxc8+ Bxc8 24. Kd2 Be6 25. Rc1 Rc5 26.
Rc3 h6 27. Be3 Rd5+ 28. Rd3 Rxe5 29. Bxb6 Kh7 30. Bd4 Rd5 31. Bc3 Rb5 32. g3 h5 33.
Rd6 Kg6 34. Ke3 Rf5 35. a4 Rd5 36. Rxd5 Bxd5 37. Kd4 Bc6 38. a5 Kf5 39. Kc5 Ke6 40. a6 Bf3 41. a7 b6+ 42. Kxb6 Kd7 43. Bxg7 Kc8 44. Be5 Be4 45. Bf4 Bf3 46. b4 Bg2 47.
b5 Bf3 48. h4 Bg2 49. Kc5 1-0

[Event "*** Titled Tuesday Blitz"]
[Site "Chess.com"]
[Date "2020.12.01"]
[Round "5"]
[White "Gabrielian_Artur"]
[Black "Micki-taryan"]
[Result "0-1"]
[WhiteElo "2757"]
[BlackElo "3011"]
[TimeControl "180+1"]
[EndTime "10:55:38 PST"]
[Termination "Micki-taryan won on time"]

1. e4 d6 2. d4 Nf6 3. Nc3 Nbd7 4. Nf3 e5 5. Bc4 Be7 6. O-O O-O 7. a4 c6 8. Re1 b6 9. h3 Bb7 10. d5 cxd5 11. Nxd5 Rc8 12. Nxf6+ Nxf6 13. Bd3 a6 14. c4 Nd7 15. b3 Nc5 16. Bc2 a5 17. Nd2 Bg5 18.
Nf1 Bxc1 19. Rxc1 Ne6 20. Ng3 g6 21. Qd2 Nf4 22. Ne2 Qg5 23. Nxf4 exf4 24. Rcd1 Rcd8 25. f3 Qe5 26. Qf2 Qc5 27. Rd2 Rfe8 28. Red1 Qxf2+ 29. Kxf2 Re6 30. h4 Kf8 31. Rb1 Rc8 32. Bd3 Bc6 33.
Be2 Ke7 34. Rh1 Re5 35. Rhd1 Rd8 36. Rb1 Kd7 37. Rbd1 Kc7 38. Rh1 h6 39. Rdd1 Rde8 40.
Rd2 R8e6 41. Bd3 Bb7 42. Bc2 Kc6 43. Rhd1 Kc5 44. Bd3 Bc6 45. Be2 Rh5 46. Rh1 g5 47. g4 fxg3+ 48. Kxg3 Rg6 49. Kf2 Rxh4 50. Rxh4 gxh4 51.
Rd1 h3 52. Rh1 Rg2+ 53. Ke3 h2 54. f4 Bxe4 55. Bf1 Re2+ 0-1

[Event "*** Titled Tuesday Blitz"]
[Site "Chess.com"]
[Date "2020.12.01"]
[Round "5"]
[White "Onischuk_V"]
[Black "Gurvich_Vitaly"]
[Result "1-0"]
[WhiteElo "2840"]
[BlackElo "2602"]
[TimeControl "180+1"]
[EndTime "10:55:38 PST"]
[Termination "Onischuk_V won on time"]

1. e4 c5 2. Ne2 Nc6 3. g3 g6 4. Bg2 Bg7 5. O-O d6 6. c3 e5 7. a4 Nge7 8. Na3 O-O 9. Nc4 b6 10. d3 Be6 11. f4 d5 12. Ne3 Qd7 13. f5 gxf5 14. exd5 Nxd5 15. Bxd5 Bxd5 16. Nxf5 Ne7 17. Nxg7 Kxg7 18. d4 Bb7 19. Qd2 Qc6 20. Qg5+ Ng6 21. d5 Qxd5 22. Qf6+ Kg8 23. Kf2 Qg2+ 24. Ke1 Ba6 25. Qf2 Qh3 26. b3 Rad8 27. Bg5 f6 28.
Bd2 Bd3 29. c4 f5 30. Rg1 Kh8 31. Bc3 Qg4 32. Nf4 Rfe8 33. h3 Qg5 34. Nd5 Kg8 35. Rd1 Kf7 36. Rxd3 e4 37. Re3 Ne5 38. Bxe5 Rxe5 39.
Qf4 Qxf4 40. gxf4 Re6 41. Reg3 Rg6 42. Rxg6 hxg6 43. Rg3 Rh8 44. Kf2 Rh4 45. Ke3 Rh8 46.
Kf2 Rh4 47. Kg2 Rh8 48. Re3 Ke6 49.
Kg3 Rh5 50. h4 Rh7 51. Re1 Rh8 52. Ra1 1-0

[Event "*** Titled Tuesday Blitz"]
[Site "Chess.com"]
[Date "2020.12.01"]
[Round "5"]
[White "DanilNajdin"]
[Black "Ze-Pequeno"]
[Result "1-0"]
[WhiteElo "2372"]
[BlackElo "2183"]
[TimeControl "180+1"]
[EndTime "10:55:39 PST"]
[Termination "DanilNajdin won on time"]

1. e4 c5 2. Nf3 d6 3. Bb5+ Bd7 4. Bxd7+ Qxd7 5. c4 Nf6 6. Nc3 g6 7. d4 cxd4 8. Nxd4 Bg7 9. O-O O-O 10. f3 Rc8 11. b3 d5 12. e5 Ne8 13. Nxd5 e6 14. Nc3 Bxe5 15. Be3 Nc6 16. Nxc6 Qxc6 17. Qc2 a6 18. a4 Nd6 19. Rad1 Nf5 20. Bf2 Rd8 21. Rxd8+ Rxd8 22. Rd1 Rxd1+ 23. Nxd1 Qd6 24. g3 h5 25. Kg2 Kf8 26. Ne3 Nd4 27. Qd3 Qc6 28. Nc2 Nxc2 29. Qxc2 Ke7 30. b4 Bc7 31. b5 axb5 32. axb5 Qd7 33. Qe4 Bd8 34. Bc5+ Ke8 35. Qe5 f6 36. Qe4 Kf7 37.
Bd4 e5 38. Be3 Be7 39. h3 Kg7 40. g4 hxg4 41. hxg4 Kf7 42. Kf2 Bd6 43. Qd5+ Ke7 44. Ke2 f5 45. Qg8 Kf6 46. g5+ Ke7 47. Qxg6 Kd8 48. Qg8+ Ke7 49. g6 f4 50. g7 1-0

[Event "*** Titled Tuesday Blitz"]
[Site "Chess.com"]
[Date "2020.12.01"]
[Round "5"]
[White "gross-aleks"]
[Black "Kostya_Nikologorskiy"]
[Result "1/2-1/2"]
[WhiteElo "2530"]
[BlackElo "2697"]
[TimeControl "180+1"]
[EndTime "10:55:40 PST"]
[Termination "Game drawn by repetition"]

1. d4 Nf6 2. c4 e6 3. Nf3 b6 4.
g3 Ba6 5. b3 Bb4+ 6. Bd2 Be7 7.
Bg2 d5 8. Nc3 O-O 9. O-O c6 10.
Bf4 Nbd7 11. Nd2 Nh5 12. Be3 f5 13. f4 Rc8 14. Bf3 Nhf6 15. Kg2 Bb4 16. Rc1 Qe7 17. Qc2 Ne4 18. Ncb1 Ndf6 19. Rfd1 Nd6 20. a3 Bxd2 21.
Nxd2 Nde4 22. c5 bxc5 23. dxc5 e5 24. fxe5 Qxe5 25. b4 g5 26. Bxe4 fxe4 27. Nb3 Ng4 28. Bd4 Qxd4 29. Nxd4 Ne3+ 30. Kg1 Nxc2 31. Rxc2 Rf6 32.
Rcc1 Rcf8 33. Rf1 Kg7 34. Rxf6 Rxf6 35. Rf1 Rg6 36. Kf2 h5 37. Ke3 h4 38. Rf5 h3 39.
Re5 Rf6 40. Rf5 Rg6 41. g4 Bc8 42. Re5 Bxg4 43. Re7+ Kh6 44. Rxa7 Rf6 45. b5 cxb5 46. c6 Rf1 47. c7 Rh1 48. Ra6+ Kh5 49. Ne6 Bxe6 50. Rxe6 Rc1 51. Re7 g4 52. Kf4 Rf1+ 53. Kg3 Rg1+ 54. Kf4 Rf1+ 55. Kg3 Rg1+ 56. Kf4 Rf1+ 1/2-1/2

[Event "*** Titled Tuesday Blitz"]
[Site "Chess.com"]
[Date "2020.12.01"]
[Round "5"]
[White "PavelShkapenko"]
[Black "Kretov_Evgenij"]
[Result "1/2-1/2"]
[WhiteElo "2697"]
[BlackElo "2495"]
[TimeControl "180+1"]
[EndTime "10:55:40 PST"]
[Termination "Game drawn by stalemate"]

1. e4 c5 2. c3 d5 3. exd5 Qxd5 4. Nf3 g6 5. Na3 Bg7 6. Bc4 Qd7 7. d4 cxd4 8. Nxd4 Nc6 9. O-O Nf6 10. Nxc6 bxc6 11.
Qxd7+ Bxd7 12. Re1 Nd5 13. Nb5 cxb5 14. Bxd5 Rc8 15. Be3 a5 16. Bg5 e6 17. Rad1 h6 18.
Bf4 Bc6 19. Bxc6+ Rxc6 20. Rd6 Rxd6 21. Bxd6 Kd7 22. Rd1 Kc6 23. Ba3 Be5 24. Kf1 Rb8 25. Be7 Rb7 26. Bf8 h5 27. a3 a4 28. g3 Rd7 29. Rxd7 Kxd7 30. Ke2 Kc6 31. Kd3 Kd5 32. Bh6 Bd6 33. Be3 e5 34. f3 f5 35. Bg5 e4+ 36. fxe4+ fxe4+ 37. Ke3 Bc5+ 38. Kf4 Bd6+ 39. Ke3 Bc7 40. Bh6 Be5 41. Bf4 Bf6 42. Bc7 g5 43.
Bb6 Be7 44. Ba7 Bd6 45. Bb6 h4 46. gxh4 gxh4 47. h3 Bg3 48. Ba7 Kc4 49. Kxe4 Kb3 50. Kd5 Kxb2 51. Kc6 Kxa3 52. Kxb5 Kb3 53. Bc5 Be5 54.
c4 Bb2 55. Be7 a3 56. Bxa3 Bxa3 57. c5 Kc3 58. c6 Bd6 59. Kb6 Kd4 60. c7 Bxc7+ 61.
Kxc7 Ke3 62. Kd6 Kf3 63. Ke5 Kg3 64. Ke4 Kxh3 65. Kf3 Kh2 66. Kf2 h3 67. Kf1 Kh1 68.
Kf2 h2 69. Kf1 1/2-1/2

[Event "*** Titled Tuesday Blitz"]
[Site "Chess.com"]
[Date "2020.12.01"]
[Round "5"]
[White "anon102030"]
[Black "Artyom_ChessMate"]
[Result "0-1"]
[WhiteElo "2714"]
[BlackElo "2564"]
[TimeControl "180+1"]
[EndTime "10:55:41 PST"]
[Termination "Artyom_ChessMate won on time"]

1. e4 c5 2. Nc3 Nc6 3. g3 g6 4. Bg2 Bg7 5. d3 d6 6. Be3 Rb8 7. Nf3 Bd7 8. d4 cxd4 9. Nxd4 Nf6 10. h3 a6 11. O-O O-O 12. Qd2 Nxd4 13. Bxd4 b5 14.
a3 Be6 15. Rfe1 a5 16. Kh2 b4 17. axb4 Rxb4 18. Nd5 Rxd4 19. Qxa5 Bxd5 20. exd5 Qxa5 21. Rxa5 Rd2 22. Kg1 Rxc2 23. b4 Rb8 24. Ra4 Bf8 25. Rb1 Rb5 26. Bf1 Rb6 27. b5 Nxd5 28. Ra6 Rxa6 29.
bxa6 Rc7 30. Rb7 Rc1 31. Rb5 Nc7 32. Ra5 e6 33. a7 Na8 34. Kg2 d5 35. Ba6 Rc7 36.
Bd3 Bc5 37. Ra6 Bxa7 38. Bb5 Kg7 39. h4 Nb6 40. Ra2 Nc4 41. Kf3 h5 42. Kg2 Bd4 43. Ba6 Ra7 44. Kf3 Nd6 45. g4 hxg4+ 46. Kxg4 f5+ 47. Kf3 Kf6 48. Ra4 e5 49. Ke2 f4 50. f3 Rc7 51. Ra5 Rc2+ 52. Kd1 Rc3 53. Be2 Ke6 54. Ra8 Rb3 55. Rg8 Nc4 56. Rxg6+ Kf7 0-1

[Event "*** Titled Tuesday Blitz"]
[Site "Chess.com"]
[Date "2020.12.01"]
[Round "5"]
[White "Rytenko_V"]
[Black "moro182"]
[Result "1-0"]
[WhiteElo "2538"]
[BlackElo "2704"]
[TimeControl "180+1"]
[EndTime "10:55:41 PST"]
[Termination "Rytenko_V won on time"]

1. e4 c5 2. Nf3 d6 3. d4 cxd4 4. Nxd4 Nf6 5. Nc3 Nbd7 6. g4 Nc5 7. f3 g6 8. Be3 Bg7 9. Qd2 a6 10. h4 b5 11. h5 Bb7 12. hxg6 hxg6 13. Rxh8+ Bxh8 14. Qh2 Bg7 15. O-O-O Qa5 16. Kb1 b4 17. Nce2 O-O-O 18.
Nc1 Qc7 19. Ncb3 Rh8 20. Qf2 Nfd7 21. Qd2 Qb6 22. Bc4 Ne5 23. Be2 Kb8 24. f4 Ned7 25. e5 dxe5 26. Nxc5 Nxc5 27. fxe5 Bxe5 28. Bc4 f6 29.
Qf2 Qc7 30. Bf7 Rh2 31. Qe1 Na4 32. Bb3 Nc5 33. Qxb4 Nxb3 34. Qxb3 g5 35. Ne6 Qc8 36. a4 Bd6 37. Bc5 Bxc5 38. Rd8 Bd6 39. Rxc8+ Kxc8 40.
Nd4 Be4 41. Qe6+ Kc7 42. Qxe4 Rd2 43. Qc6+ Kb8 44. Nb3 Rd1+ 45. Ka2 f5 46. Qb6+ Kc8 47. Qxa6+ Kd7 48. gxf5 g4 49. Qb7+ Kd8 50. a5 g3 51.
a6 Bc5 52. Nxc5 Rd4 53. Ne6+ 1-0

[Event "*** Titled Tuesday Blitz"]
[Site "Chess.com"]
[Date "2020.12.01"]
[Round "5"]
[White "Homino"]
[Black "arminmusovic"]
[Result "1/2-1/2"]
[WhiteElo "2375"]
[BlackElo "2530"]
[TimeControl "180+1"]
[EndTime "10:55:42 PST"]
[Termination "Game drawn by repetition"]

1. e4 c6 2. d4 d5 3. Nc3 dxe4 4. Nxe4 Nf6 5. Nxf6+ exf6 6. c3 Bd6 7. Bd3 O-O 8.
Ne2 Re8 9. O-O Kh8 10. Qc2 Nd7 11. Ng3 Nf8 12. Bd2 Qc7 13. Rfe1 Be6 14. a4 Re7 15. Re2 Rae8 16. Rae1 Bg4 17. Rxe7 Rxe7 18. Rxe7 Bxe7 19. Bf5 Bxf5 20. Qxf5 g6 21. Qf3 Qa5 22. b3 Kg7 23. h4 h5 24. Qe3 Ne6 25. Ne4 Qf5 26. g3 Kg8 27. c4 b6 28. Kg2 Kg7 29.
Bc3 Kg8 30. Bb2 Nc7 31. Nd2 Qe6 32. Ne4 f5 33. Nc3 Qxe3 34. fxe3 f6 35. Kf3 Bb4 36. Ne2 Be1 37. Nf4 Kf7 38. Ba3 Na6 39. Nd3 Bc3 40. Bd6 Ke6 41. Bf8 Kf7 42. Ba3 Bd2 43.
Nf4 c5 44. d5 Bb4 45. Bb2 Nb8 46. Nd3 Ba5 47. Nf4 Nd7 48. Ne6 Bb4 49. Nd8+ Kf8 50. Nc6 a5 51. Kf4 Kg7 52. Nd8 Be1 53. Ne6+ Kf7 54.
Nd8+ Kg7 55. Nb7 Ne5 56. Bxe5 fxe5+ 57. Kf3 Kf6 58. Kg2 Bc3 59. Kf3 e4+ 60. Ke2 Be5 61. Nd8 Ke7 62. Nc6+ Kd6 63. Nxe5 Kxe5 64. Kd2 Kd6 65.
Ke2 Ke5 66. Kd2 Kf6 67. Kc3 Ke5 68. Kd2 1/2-1/2

[Event "*** Titled Tuesday Blitz"]
[Site "Chess.com"]
[Date "2020.12.01"]
[Round "5"]
[White "igorkovalenko"]
[Black "albi1999"]
[Result "1-0"]
[WhiteElo "2787"]
[BlackElo "2579"]
[TimeControl "180+1"]
[EndTime "10:55:43 PST"]
[Termination "igorkovalenko won by resignation"]

1. d4 d5 2. Nf3 Nf6 3. c4 e6 4. Nc3 c5 5. e3 a6 6. dxc5 Bxc5 7. a3 dxc4 8. Qxd8+ Kxd8 9. Bxc4 b5 10. Bd3 Bb7 11. b4 Bd6 12. Bb2 Nbd7 13. Ke2 Ke7 14. Rhd1 Rhd8 15. Ng5 Rac8 16. f4 Bxg2 17. Rac1 Nb6 18.
Nce4 Nxe4 19. Bxe4 Bxe4 20. Nxe4 Rxc1 21. Rxc1 f6 22. Rc6 Nc4 23. Bd4 e5 24. fxe5 fxe5 25. Bc5 Bxc5 26. bxc5 Nxa3 27. Rxa6 Nc4 28. h4 h6 29. h5 b4 30. Ra4 Rb8 31. Ra7+ Ke6 32. Kd3 b3 33. Kxc4 b2 34. Nc3 b1=Q 35. Nxb1 Rxb1 36.
Rxg7 Re1 37. Rg6+ Kf5 38. Kc3 Rxe3+ 39. Kc4 Re1 40. Rxh6 e4 41. c6 Rc1+ 42. Kd4 Rd1+ 43. Ke3 Rd3+ 44. Ke2 Rc3 45. Rd6 Ke5 46. Rg6 Kf5 47.
Rd6 Ke5 48. Rg6 Kf5 49. Kd2 Rd3+ 50. Kc2 Rd5 51. Kc3 e3 52. Kc4 Re5 53. c7 e2 54.
c8=Q+ Kf4 55. Qg4+ Ke3 56. Qd4+ Kf3 57. Qxe5 1-0

[Event "*** Titled Tuesday Blitz"]
[Site "Chess.com"]
[Date "2020.12.01"]
[Round "5"]
[White "rynos0411"]
[Black "Neftegor"]
[Result "1-0"]
[WhiteElo "2377"]
[BlackElo "2510"]
[TimeControl "180+1"]
[EndTime "10:55:43 PST"]
[Termination "rynos0411 won by checkmate"]

1. d4 Nf6 2. c4 e6 3. Nf3 Bb4+ 4. Nbd2 O-O 5. g3 b6 6. Bg2 Bb7 7. O-O Bxd2 8. Bxd2 h6 9. Bf4 Be4 10. Rc1 d6 11. b4 Nbd7 12. c5 Ne8 13. Nd2 Bxg2 14. Kxg2 e5 15. dxe5 dxe5 16. Be3 Qe7 17. Nf3 Ndf6 18.
Qc2 Nd5 19. Bd2 b5 20. Qe4 c6 21. Qxe5 Qb7 22. e4 Ndf6 23. Bc3 Nc7 24. Rfe1 Rae8 25. Qf4 Ne6 26. Qh4 Nh7 27. Rcd1 Qc8 28. Rd6 Neg5 29. Nxg5 Nxg5 30. h3 Re6 31. Rxe6 Qxe6 32. Qg4 Qxa2 33. h4 Ne6 34. Rd1 Qc4 35. Be1 Qc2 36. Rd7 a5 37.
bxa5 Qxc5 38. a6 Qa3 39. a7 Nc5 40. Rc7 Ne6 41. Rd7 c5 42. e5 Qa6 43. Qe4 c4 44. Rb7 Nc5 45. Bb4 Qxb7 46. Qxb7 Nxb7 47. Bxf8 Nd8 48.
a8=Q Ne6 49. Qb7 Kh7 50. Qxb5 Kg6 51. Qxc4 Nxf8 52. Qg4+ Kh7 53. f4 g6 54. h5 Kg7 55.
hxg6 fxg6 56. f5 h5 57. Qg5 h4 58. Qf6+ Kh6 59. gxh4 Kh5 60. Qg5# 1-0

[Event "*** Titled Tuesday Blitz"]
[Site "Chess.com"]
[Date "2020.12.01"]
[Round "5"]
[White "AcsinteMatei"]
[Black "JiiHart"]
[Result "1-0"]
[WhiteElo "2323"]
[BlackElo "2095"]
[TimeControl "180+1"]
[EndTime "10:55:43 PST"]
[Termination "AcsinteMatei won on time"]

1. e4 c5 2. b3 Nc6 3. Bb2 e5 4.
f4 d6 5. Nf3 Nf6 6. Bc4 Nxe4 7.
fxe5 d5 8. Bb5 Bg4 9. d3 Ng5 10. Nbd2 Be7 11. O-O O-O 12. h3 Bh5 13. Bxc6 bxc6 14.
Qe2 Qd7 15. Rae1 a5 16. a4 Rae8 17. Qf2 Nxf3+ 18. Nxf3 Bg6 19. Bc3 Bd8 20. Qxc5 Qc7 21. Qd6 Qxd6 22. exd6 Bf5 23. Bd4 Bd7 24. Bc5 f6 25. c4 Rxe1 26. Rxe1 Kf7 27. Nd4 Re8 28.
Rxe8 Bxe8 29. Kf2 dxc4 30. dxc4 Bd7 31. Ke3 g5 32. b4 f5 33. b5 cxb5 34. axb5 f4+ 35.
Kf3 h5 36. b6 Bc8 37. Ba3 Bb7+ 38. Kf2 Bf6 39. Nb3 Ke8 40. c5 Kd7 41. Nxa5 Bd4+ 42. Ke2 Bxg2 43. b7 f3+ 44. Kd3 f2 45. b8=Q f1=Q+ 46. Kxd4 Qd1+ 47. Kc4 Qd5+ 48. Kb5 Qd3+ 49. Kb6 Qb1+ 50.
Ka7 Qxb8+ 51. Kxb8 g4 52. hxg4 hxg4 53. Bc1 Bd5 54. Bf4 Kd8 55. Bg3 Kd7 56. Ka7 Be4 57. Kb6 1-0

[Event "*** Titled Tuesday Blitz"]
[Site "Chess.com"]
[Date "2020.12.01"]
[Round "5"]
[White "Jungle_Jaguar"]
[Black "Andro2"]
[Result "0-1"]
[WhiteElo "2545"]
[BlackElo "2413"]
[TimeControl "180+1"]
[EndTime "10:55:45 PST"]
[Termination "Andro2 won by checkmate"]

1. e4 c5 2. Nf3 d6 3. d4 cxd4 4. Nxd4 Nf6 5. Nc3 a6 6. Be3 e5 7.
Nb3 Be6 8. f3 Nbd7 9. Qd2 Qc7 10. O-O-O Be7 11. g4 O-O 12. g5 Nh5 13. Rg1 Rac8 14.
Kb1 b5 15. h4 Nb6 16. Nd5 Bxd5 17. exd5 Nc4 18. Bxc4 bxc4 19. Na5 c3 20. Qxc3 Qxc3 21. bxc3 Rxc3 22. Rge1 Rb8+ 23. Kc1 Bf8 24. Kd2 Ra3 25. Nc6 Rb5 26. Ke2 Rxa2 27. Rd2 Ng3+ 28. Kf2 Nf5 29. h5 Rbb2 30. Ree2 a5 31. c4 Rxd2 32. Rxd2 Ra3 33. Bb6 a4 34. Bc7 Rc3 35. Na5 a3 36. Ra2 Nd4 37.
Kg3 Rxf3+ 38. Kg4 f5+ 39. gxf6 gxf6 40. Nb7 f5+ 41. Kg5 Rg3+ 42. Kf6 Rb3 43. Bxd6 Bg7+ 44.
Ke7 f4 45. Kd8 f3 46. Nc5 Rb2 47. Rxa3 f2 48. Ra1 Re2 49. Rf1 e4 50. Nxe4 Rxe4 51. Rxf2 Ne2 52. c5 Nc3 53. c6 Nxd5 54. Rd2 Nb6 55.
c7 Bf6+ 56. Be7 Bxe7+ 57. Ke8 Bf6# 0-1

[Event "*** Titled Tuesday Blitz"]
[Site "Chess.com"]
[Date "2020.12.01"]
[Round "5"]
[White "garfio2017"]
[Black "juancruzarias"]
[Result "1-0"]
[WhiteElo "2292"]
[BlackElo "2493"]
[TimeControl "180+1"]
[EndTime "10:55:48 PST"]
[Termination "garfio2017 won by resignation"]

1. e4 c6 2. d4 d5 3. exd5 cxd5 4.
Bd3 Nc6 5. c3 Nf6 6. Ne2 Bg4 7.
Bf4 e6 8. Nd2 Bd6 9. Bg3 Bxg3 10. hxg3 Bxe2 11. Qxe2 h6 12. g4 Nd7 13. O-O-O Qa5 14. Kb1 O-O-O 15. Nb3 Qc7 16. g3 Kb8 17. f4 Rc8 18. f5 e5 19. Bb5 Rhe8 20. dxe5 Rxe5 21.
Qd3 Rce8 22. Bxc6 Qxc6 23. Nd4 Qb6 24. a3 Nf6 25. Qf3 a6 26. Qf4 Qc7 27. g5 Ng8 28.
gxh6 Nxh6 29. f6 g5 30. Qd2 Ng8 31.
Rh8 Nxf6 32. Rxe8+ Nxe8 33. Rf1 f6 34. g4 Qd7 35.
Nf5 Nc7 36. Qd4 Qb5 37. Rh1 Qe8 38. Ka2 Qd7 39. Rh8+ Re8 40. Qxf6 Rxh8 41. Qxh8+ Ka7 42. Qd4+ b6 43. Ne3 Qe6 44. Nf5 Kb7 45. a4 Qe4 46.
Qxe4 dxe4 47. Nd6+ Kc6 48. Nxe4 Ne6 49. Kb3 Kd5 50.
Nf2 Ke5 51. Kc4 Kf4 52. Kd5 Nc5 53. a5 Na4 54. b3 Nxc3+ 55. Kc4 Nb5 56. axb6 Kf3 57.
Nd1 Kxg4 58. Nc3 Nd6+ 59. Kd5 Nb7 60. Kc6 Na5+ 61. Kc7 Kf3 62. b4 g4 63. bxa5 g3 64. b7 g2 65. b8=Q g1=Q 66. Qf8+ Ke3 67. Qc5+ 1-0